 Dungeon Crawl Stone Soup version 0.31-a0-889-g1a8549509d (webtiles) character file.

Game seed: 18275479750847966290

101 LeprechaunX the Changeling (level 4, -1/43 HPs)
             Began as an Octopode Shapeshifter on Oct 16, 2023.
             Slain by an orc
             ... wielding a +0 flail
              (3 damage)
             ... on level 4 of the Dungeon.
             The game lasted 00:02:27 (2072 turns).

LeprechaunX the Changeling (Octopode Shapeshifter)  Turns: 2072, Time: 00:02:27

Health: -1/43      AC: 22    Str: 15    XL:     4   Next: 75%
Magic:  4/4        EV:  2    Int: 12    God:
Gold:   46         SH:  8    Dex: 17    Spells: 3/3 levels left

rFire   . .          .
                       - Unarmed
rCold   . . .        e - +0 kite shield
rNeg    . . .        (helmet currently unavailable)
rPois   +            (no amulet)
rElec   .            r - +6 ring of dexterity
rCorr   .            (no ring)
SInv    .            (no ring)
Will    .....        (no ring)
Stlth   ++           (no ring)
HPRegen 0.27/turn    (no ring)
MPRegen 0.09/turn    (no ring)
                     (no ring)

%: no passive effects
@: tree-form
A: stationary, stasis, torment immunity, boosted hp, almost no armour,
(amphibious), 8 rings, (camouflage 1), (gelatinous body 1), (nimble swimmer 1),
(tentacles)
a: no special abilities


You were on level 4 of the Dungeon.
You were a tree.
You visited 1 branch of the dungeon, and saw 4 of its levels.

You collected 46 gold pieces.

Inventory:

Hand Weapons
 a - a +0 sling
Missiles
 f - 5 datura-tipped darts
 m - 10 boomerangs
Armour
 e - a +0 kite shield (worn)
Jewellery
 d - an amulet of magic regeneration
 r - a +6 ring of dexterity (left branch)
Talismans
 b - a beast talisman
 c - a flux talisman
Scrolls
 j - 6 scrolls of identify {unknown}
 l - a scroll of enchant armour {unknown}
 n - 4 scrolls of fear {unknown}
 p - a scroll of enchant weapon {unknown}
Potions
 g - a potion of berserk rage {unknown}
 h - 2 potions of cancellation {unknown}
 i - 2 potions of heal wounds {unknown}
 k - a potion of might {unknown}
 q - a potion of curing {unknown}


   Skills:
 + Level 2.0 Fighting
 + Level 2.5 Dodging
 + Level 1.3 Shields
 + Level 3.4 Unarmed Combat
 * Level 3.8 Shapeshifting


You had 3 spell levels left.
You didn't know any spells.
Your spell library contained the following spells:

 Spells                   Type           Power      Damage    Failure   Level
 Cigotuvi's Dreadful Rot  Necr/Pois/Air  0%         N/A       86%         2
 Dispel Undead            Necr           0%         3d6       100%        4
 Death Channel            Necr           0%         N/A       100%        6


Dungeon Overview and Level Annotations

Branches:
Dungeon (4/15)
 Temple: D:4-7

Altars:


Innate Abilities, Weirdness & Mutations

You are a tree.
Your roots penetrate the ground, keeping you stationary.
You cannot be teleported.
You are immune to unholy pain and torment.
Your maximum health is greatly increased.
You cannot wear most types of armour.
((You are amphibious.))
You can wear up to eight rings at the same time.
((Your skin changes colour to match your surroundings (Stealth+).))
((Your rubbery body absorbs attacks. (AC +1, EV +1)))
((You are camouflaged when in or above water. (Stealth+)))
((You have tentacles for arms and can constrict up to eight enemies at once.))


Message History

You lose your grip on the orc priest.
The orc shouts!
The orc wizard gestures at you while chanting.
The puff of flame hits you but does no damage.
The orc priest hits you but does no damage.
You smack the orc priest!
The orc priest is almost dead.
The orc wizard gestures at you while chanting.
You resist with some effort. The orc priest hits you with a +0 club.
* * * LOW HITPOINT WARNING * * *
You block the quokka's attack.
You smack the orc priest!
You kill the orc priest!
The orc wizard hits you but does no damage.
The orc hits you but does no damage.
The quokka bites you but does no damage.
Your Fighting skill increases to level 2!
Unknown command.
You hit the orc wizard.
The orc wizard is moderately wounded.
The quokka barely misses you. The orc wizard completely misses you.
You block the orc's attack.
You closely miss the orc wizard.
The orc wizard is moderately wounded.
The quokka bites you but does no damage.
You block the orc wizard's attack. The orc hits you but does no damage. x2
The quokka bites you but does no damage.
You hit the orc wizard.
The orc wizard is severely wounded.
The orc wizard hits you but does no damage.
The orc hits you but does no damage. The orc hits you with a +0 flail.
* * * LOW HITPOINT WARNING * * *
The quokka bites you but does no damage.
Unknown command.
You closely miss the orc wizard.
The orc wizard is severely wounded.
You block the orc wizard's attack. The orc hits you with a +0 short sword.
* * * LOW HITPOINT WARNING * * *
The orc hits you with a +0 flail.
You die...

.#
########.
##.....<..
#........##
.....$....#
..........#
......ro..#
......o♣..#
......o...#
#........##
#.$......#
######+##.
.# .# .#


You could see an orc wizard, 2 orcs and a quokka.

Vanquished Creatures
  An orc priest (D:4)
  A worm (D:2)
  10 dart slugs
  4 endoplasms
  3 giant cockroaches
  2 goblins
  5 hobgoblins
  2 kobolds
  3 quokkas (D:2)
  5 ball pythons
  7 bats
  A frilled lizard (D:1)
  6 rats
50 creatures vanquished.

Notes
Turn   | Place    | Note
-------+----------+-------------------------------------------
     0 | D:1      | LeprechaunX the Octopode Shapeshifter began the quest for
                  | the Orb.
     0 | D:1      | Reached XP level 1. HP: 13/13 MP: 1/1
   170 | D:1      | Reached XP level 2. HP: 12/18 MP: 2/2
  1115 | D:2      | Reached XP level 3. HP: 23/23 MP: 3/3
  1243 | D:2      | Found a faded altar of an unknown god.
  1515 | D:2      | Identified the +1 robe of Midwinter {Rampage Archmagi}
  1761 | D:2      | Reached skill level 1 in Shields
  1867 | D:3      | Reached XP level 4. HP: 8/29 MP: 4/4
  2064 | D:4      | Identified the "Ugajim"
  2072 | D:4      | HP: 2/43 [orc/+0 short sword (1)]
  2072 | D:4      | Slain by an orc

Illustrated notes

Levels and vault maps discovered:
D:1:      dpeg_arrival_ratfight, layout_basic, serial_co_window_serial,
          co_window_corner_a, co_window_paths_a, co_window_paths_a,
          co_window_paths_b, co_window_paths_b, co_window_cross_2,
          co_window_corner_cb, co_window_corner_cb, co_window_sun,
          co_window_paths_d, glass_columns_a, glass_columns_b,
          minmay_misc_feat_chi, supply_closet_lemuel
D:2:      layout_loops_corners, ebering_ecumenical_altar_ruins
D:3:      kennysheep_slugbush, layout_rooms, minmay_divided_ellipse,
          uniq_crazy_yiuf_cottage
D:4:      layout_rooms, nicolae_zen_rock_garden

Skill      XL: |  1  2  3  4 |
---------------+-------------+-----
Shields        | 1 |  1.3
Fighting       | 2 |  2.0
Dodging        | |  2.5
Unarmed Combat | |  3.4
Shapeshifting  | |  3.8

Action                     |  1- 3 |  4- 6 || total
---------------------------+-------+-------++-------
  Melee: Unarmed           |    93 |    21 ||   114
         Constrict         |    25 |     6 ||    31
         Tentacles         |    14 |     1 ||    15
         Punch             |     3 |       ||     3
    Use: Potion            |       |     1 ||     1
   Stab: Sleeping          |     6 |     1 ||     7
 Armour: Skin              |    31 |    25 ||    56
  Dodge: Dodged            |    31 |     7 ||    38
  Block: Kite shield       |    22 |     5 ||    27

Table legend: (Time is in decaauts)
 A = Elapsed time spent in this place.
 B = Non-inter-level travel time spent in this place.
 C = Inter-level travel time spent in this place.
 D = Time resting spent in this place.
 E = Time spent auto-exploring this place.
 F = Levels seen in this place.
 G = Mean time per level.
                   A        B        C        D        E       F      G
               +--------+--------+--------+--------+--------+-----+--------+
         Total |   2086 |   1866 |    220 |     84 |   1412 |   4 |  521.5 |
       Dungeon |   2086 |   1866 |    220 |     84 |   1412 |   4 |  521.5 |
               +--------+--------+--------+--------+--------+-----+--------+

Top non-repeatable levels by time:
     D:1: 1007 daAuts
     D:2: 851 daAuts
     D:3: 219 daAuts
     D:4: 8 daAuts
